 Dungeon Crawl Stone Soup version 0.22.0-49-gab54619 (webtiles) character file.

1470 inc the Magician (level 8, 45/46 HPs)
             Began as an Octopode Fire Elementalist on Sept 6, 2018.
             Quit the game on level 7 of the Dungeon.
             The game lasted 00:11:54 (8417 turns).

inc the Magician (Octopode Fire Elementalist)       Turns: 8417, Time: 00:11:54

Health: 45/46      AC:  3    Str:  7    XL:     8   Next: 78%
Magic:  17/19      EV: 13    Int: 19    God:
Gold:   159        SH:  0    Dex: 13    Spells: 14/22 levels left

rFire    + . .     SeeInvis .   C - +1 falchion (elec)
rCold    x . .     Gourm    .   (no shield)
rNeg     . . .     Faith    .   z - +2 hat
rPois    .         Spirit   .   (no amulet)
rElec    .         Reflect  .   t - ring of fire
rCorr    .         Harm     .   (no ring)
MR       .....                  (no ring)
Stlth    +++.......             (no ring)
HPRegen  0.15/turn              (no ring)
MPRegen  0.16/turn              (no ring)
                                (no ring)
                                (no ring)

@: no status effects
A: almost no armour, stealthy swim, amphibious, 8 rings, constrict 8, camouflage
1, gelatinous body 1
a: no special abilities


You were on level 7 of the Dungeon.
You were not hungry.

You visited 2 branches of the dungeon, and saw 9 of its levels.

You collected 313 gold pieces.
You spent 154 gold pieces at shops.

Inventory:

Hand Weapons
 c - a +2 dagger of draining
 e - a +0 dagger of venom
 w - a +3 flail
 C - a +1 falchion of electrocution (weapon)
Armour
 l - a +1 hat
 z - a +2 hat (worn)
Jewellery
 t - a ring of fire (left tentacle)
 B - an uncursed ring of magical power {unknown}
 E - an uncursed amulet of guardian spirit
Wands
 v - a wand of acid (12)
 x - a wand of disintegration (8)
 y - a wand of digging (13)
Scrolls
 a - 4 scrolls of teleportation
 d - 2 scrolls of remove curse
 j - a scroll of magic mapping
 r - 3 scrolls of amnesia {unknown}
Potions
 f - a potion of magic {unknown}
 g - 4 potions of flight
 i - a potion of agility
 k - 2 potions of invisibility
 n - 2 potions of ambrosia {unknown}
 o - 3 potions of curing
 q - 4 potions of heal wounds {unknown}
 s - 3 potions of might {unknown}
 u - a potion of degeneration
 A - a potion of mutation {unknown}
 D - a potion of berserk rage {unknown}
Comestibles
 b - 13 rations


   Skills:
 - Level 2.0 Dodging
 - Level 2.6 Stealth
 + Level 7.8 Spellcasting
 - Level 6.0 Conjurations
 - Level 4.1 Fire Magic


You had 14 spell levels left.
You knew the following spells:

 Your Spells              Type           Power        Failure   Level  Hunger
a - Flame Tongue          Conj/Fire      #####        1%          1    None
b - Conjure Flame         Conj/Fire      #####...     3%          3    #......
c - Sticky Flame          Conj/Fire      #####...     12%         4    ###....

Your spell library contained the following spells:

 Spells                   Type           Power        Failure   Level  Hunger
 Throw Flame              Conj/Fire      #####.       1%          2    None
 Inner Flame              Hex/Fire       ###.....     12%         3    #......
 Fireball                 Conj/Fire      #####.....   32%         5    #####..


Dungeon Overview and Level Annotations

Branches:
Dungeon (8/15)             Temple (1/1) D:6            Lair (0/6) D:8

Altars:
Ashenzari
Cheibriados
Dithmenos
Elyvilon
Fedhas
Hepliaklqana
Kikubaaqudgha
Makhleb
Nemelex Xobeh
Okawaru
Qazlal
Ru
Sif Muna
Trog
Uskayaw
Vehumet
Wu Jian
Xom
Yredelemnul
Zin
The Shining One

Shops:
D:4 *

Annotations:
D:3 Curus's ghost, weakling GrGl; tognito's ghost, amateur MiBe


Innate Abilities, Weirdness & Mutations

You cannot wear most types of armour.
You are very stealthy in the water. (Stealth+)
You are amphibious.
You can wear up to eight rings at the same time.
You can use your tentacles to constrict eight enemies at once.
Your skin changes colour to match your surroundings (Stealth+).
Your rubbery body absorbs attacks. (AC +1, EV +1)


Message History

The worker ant is almost dead.
You constrict the worker ant. The worker ant misses you.
You barely miss the worker ant. You squeeze the worker ant.
You kill the worker ant!
A jackal comes into view.
A jackal is nearby!
A jackal is nearby!
Casting: Flame Tongue (safe; 1% risk of failure)
Confirm with . or Enter, or press ? or * to list all spells.
Aiming: Flame Tongue (safe; 1% risk of failure)
Press: ? - help, Shift-Dir - straight line, f - jackal
Aim: a jackal You feel a surge of power!
The flame tongue hits the jackal.
You kill the jackal!
You see here a jackal corpse.
Found a dagger.
No target in view!
No target in view!
No target in view!
Are you sure you want to abandon this character and quit the game? (Confirm

..# .). #.# #.# #.#
#.# #####.# # #..†.@#
.##.###.########
...............#####
###.##...####.......
#..............#
##..†........#.######
##.....##...#.##...
##...###...#.##.#
##.## #........#


There were no monsters in sight!

Vanquished Creatures
  Eustachio (D:5)
  Menkaure (D:6)
  Duvessa (D:6)
  An ice beast (D:5)
  A black bear (D:6)
  An ogre (D:7)
  A centaur (D:6)
  Dowan (D:6)
  A scorpion (D:5)
  A crimson imp (D:5)
  2 hounds
  A centaur skeleton (D:6)
  3 orc wizards
  7 worker ants
  A hound skeleton (D:5)
  Robin (D:3)
  7 adders
  3 shadow imps (D:6)
  2 oozes (D:2)
  An adder zombie (D:5)
  3 worms
  5 dart slugs
  4 leopard geckos
  15 orcs
  4 giant cockroaches (D:1)
  23 goblins
  11 hobgoblins
  3 jackals
  3 quokkas
  A ball python (D:1)
  11 bats
  5 frilled lizards
  11 kobolds
  9 rats
146 creatures vanquished.

Vanquished Creatures (others)
  2 withered plants (D:3)
2 creatures vanquished.

Grand Total: 148 creatures vanquished

Notes
Turn   | Place    | Note
-------+----------+-------------------------------------------
     0 | D:1      | inc the Octopode Fire Elementalist began the quest for the
                  | Orb.
     0 | D:1      | Reached XP level 1. HP: 11/11 MP: 3/3
   296 | D:1      | Reached XP level 2. HP: 17/17 MP: 3/5
   633 | D:1      | Reached XP level 3. HP: 17/21 MP: 0/6
  1285 | D:2      | Reached XP level 4. HP: 27/27 MP: 0/7
  1377 | D:2      | Found a glowing silver altar of Zin.
  1378 | D:2      | Noticed an angel
  1380 | D:2      | Found a shimmering altar of Xom.
  1747 | D:2      | Found a white marble altar of Elyvilon.
  1895 | D:2      | Found a basalt altar of Yredelemnul.
  1966 | D:2      | Found a white marble altar of Elyvilon.
  2070 | D:2      | Found a bloodstained altar of Trog.
  2070 | D:2      | Found a shattered altar of Ashenzari.
  2336 | D:2      | Reached XP level 5. HP: 11/31 MP: 4/8
  2797 | D:3      | Found a runed gate.
  2798 | D:3      | Noticed tognito's ghost (amateur MiBe)
  2799 | D:3      | Found a runed gate.
  2799 | D:3      | Found a runed gate.
  2799 | D:3      | Noticed Curus's ghost (weakling GrGl)
  2863 | D:3      | Noticed Robin
  3231 | D:3      | Killed Robin
  3231 | D:3      | Reached skill level 5 in Conjurations
  3804 | D:3      | Found a hide-covered altar of Uskayaw.
  4530 | D:4      | Found Xisuqomi's Assorted Antiques.
  4577 | D:4      | Bought an embroidered hat for 154 gold pieces
  4608 | D:4      | Found a sparkling altar of Nemelex Xobeh.
  4678 | D:4      | Reached XP level 6. HP: 13/36 MP: 1/9
  5132 | D:4      | Learned a level 3 spell: Conjure Flame
  5137 | D:4      | Learned a level 4 spell: Sticky Flame
  5616 | D:5      | Entered Level 5 of the Dungeon
  6110 | D:5      | Noticed an ice beast
  6117 | D:5      | Killed an ice beast
  6117 | D:5      | Reached skill level 3 in Spellcasting
  6117 | D:5      | Reached XP level 7. HP: 41/41 MP: 5/11
  6447 | D:5      | Noticed Eustachio
  6454 | D:5      | Killed Eustachio
  6454 | D:5      | Reached skill level 4 in Spellcasting
  7276 | D:6      | Reached skill level 5 in Spellcasting
  7444 | D:6      | Found an iron altar of Okawaru.
  7475 | D:6      | Reached XP level 8. HP: 46/46 MP: 6/16
  7478 | D:6      | Noticed Menkaure
  7487 | D:6      | Killed Menkaure
  7487 | D:6      | Reached skill level 6 in Spellcasting
  7546 | D:6      | Noticed Dowan
  7562 | D:6      | Noticed Duvessa
  7581 | D:6      | Killed Duvessa
  7581 | D:6      | Reached skill level 7 in Spellcasting
  7584 | D:6      | Killed Dowan
  7978 | D:6      | Found a staircase to the Ecumenical Temple.
  7987 | Temple   | Entered the Ecumenical Temple
  8178 | D:6      | You fall through a shaft for 2 floors!
  8215 | D:8      | Found a sacrificial altar of Ru.
  8232 | D:8      | Found a staircase to the Lair.
  8417 | D:7      | Quit the game

Skill      XL: |  1  2  3  4  5  6  7  8 |
---------------+-------------------------+-----
Conjurations   | 2 3 4 5 6 |  6.0
Spellcasting   | 3 5 7 |  7.8
Fire Magic     | 4 |  4.1
Dodging        | |  2.0
Stealth        | |  2.6

Action                   |  1- 3 |  4- 6 |  7- 9 || total
-------------------------+-------+-------+-------++-------
Melee: Unarmed           |     7 |       |       ||     7
       Constrict         |     4 |    10 |     7 ||    21
       Tentacles         |     3 |     5 |     6 ||    14
       Dagger            |     5 |    29 |       ||    34
       Flail             |       |     2 |     7 ||     9
       Falchion          |       |       |    21 ||    21
 Cast: Flame Tongue      |    61 |   159 |    60 ||   280
       Sticky Flame      |       |     1 |     5 ||     6
  Use: Scroll            |       |     3 |     8 ||    11
 Stab: Sleeping          |     1 |       |     3 ||     4
  Eat: Chunk             |     1 |    12 |     7 ||    20
       Ration            |       |     2 |       ||     2
Armor: Skin              |     4 |    12 |    11 ||    27
Dodge: Dodged            |    25 |    83 |    38 ||   146
       Rpst.: Falchion   |       |       |    11 ||    11
